 Dungeon Crawl Stone Soup version 0.31-a0-1029-ge8c24b2130 (webtiles) character file.

Game seed: 12318132406072822592

1028 Multipenetrator the Cleaver (level 8, -2/64 (68) HPs)
             Began as a Minotaur Gladiator on Nov 18, 2023.
             Was a Believer of Cheibriados.
             Slain by a wight
             ... wielding a +5 dagger of freezing
              (7 damage)
             ... on level 5 of the Dungeon.
             The game lasted 00:14:19 (4638 turns).

Multipenetrator the Cleaver (Minotaur Gladiator)    Turns: 4638, Time: 00:14:20

HP:   -2/64 (68)    AC:  3    Str: 24    XL:     8   Next: 3%
MP:   8/8           EV: 14    Int:  9    God:    Cheibriados [**....]
Gold: 183           SH:  4    Dex: 15    Spells: 7/7 levels left

rFire   . . .        a - +0 war axe
rCold   . . .        (no shield)
rNeg    . . .        b - +0 leather armour
rPois   .            c - +0 hat
rElec   .            (no cloak)
rCorr   .            (no gloves)
SInv    .            (no boots)
Will    .....        (no amulet)
Stlth   +            (no ring)
HPRegen 0.30/turn    (no ring)
MPRegen 0.11/turn

%: random rage (3%)
@: drained, very slow
A: horns 2, retaliatory headbutt, large bone plates 1, berserk 1, weak 1
a: Renounce Religion, Bend Time


You were on level 5 of the Dungeon.
You worshipped Cheibriados.
Cheibriados was pleased with you.
You visited 1 branch of the dungeon, and saw 6 of its levels.

You collected 183 gold pieces.

Inventory:

Hand Weapons
 a - a +0 war axe (weapon)
 r - a +2 scimitar of freezing
Missiles
 d - 3 throwing nets (quivered)
 e - a javelin
Armour
 b - a +0 leather armour (worn)
 c - a +0 hat (worn)
Jewellery
 k - an amulet of magic regeneration
Wands
 p - a wand of flame (16)
 q - a wand of digging (6)
Scrolls
 f - 3 scrolls of identify {unknown}
 h - a scroll of acquirement {unknown}
 j - a scroll of poison {unknown}
 l - a scroll of teleportation {unknown}
 m - a scroll of enchant weapon {unknown}
 n - a scroll of butterflies {unknown}
 o - a scroll of brand weapon {unknown}
 t - a scroll of fog {unknown}
Potions
 g - a potion of enlightenment
 i - 2 potions of degeneration


   Skills:
 + Level 5.0 Fighting
 + Level 8.0 Axes
 + Level 2.0 Throwing
 + Level 3.8 Armour
 + Level 5.4 Dodging
 - Level 1.0 Stealth
 + Level 0.1 Shields
 - Level 2.3 Invocations


You had 7 spell levels left.
You didn't know any spells.
Your spell library contained the following spells:

 Spells                   Type           Power      Damage    Failure   Level
 Ensorcelled Hibernation  Hex/Ice        0%         N/A       56%         2
 Jinxbite                 Hex            0%         N/A       56%         2
 Anguish                  Hex/Necr       0%         N/A       99%         4
 Chain Lightning          Conj/Air       0%         N/A       100%        9
 Fire Storm               Conj/Fire      0%         5d1       100%        9
 Shatter                  Erth           0%         3d5*      100%        9


Dungeon Overview and Level Annotations

Branches:
Dungeon (6/15)             Temple (0/1) D:4

Altars:
Cheibriados
Dithmenos
Makhleb
Lugonu

Portals:
Abyss: D:4

Annotations:
D:3 1 runed translucent door, Barriton's ghost, amateur DrSh
D:4 2 runed translucent doors


Innate Abilities, Weirdness & Mutations

You have a pair of horns on your head.
You reflexively headbutt those who attack you in melee.
You are partially covered in large bone plates. (SH +4)
You sometimes lose your temper in combat.
You are weak. (Str -2)


Message History

The wight is moderately damaged.
The wight hits you with a +3 flail!
You feel drained.
You slash the wight!
The wight is severely damaged.
You hit the wight but do no damage. You headbutt the wight.
The wight is heavily damaged.
You barely miss the wight. The wight hits you with a +3 flail!
You feel drained.
The wight hits you with a +5 dagger of freezing.
The wight freezes you.
You hit the wight but do no damage. Your headbutt misses the wight.
The wight is heavily damaged.
You hit the wight.
You destroy the wight!
Cheibriados appreciates the change of pace.
Cheibriados raises the support of your attributes as your movement slows.
The wight hits you with a +5 dagger of freezing!
The wight freezes you.
Your Fighting skill increases to level 5!
Your Axes skill increases to level 8!
You have reached level 8!
You feel stronger.
You hit the wight.
The wight is heavily damaged.
The wight barely misses you. You furiously retaliate!
You headbutt the wight.
The wight hits you with a +5 dagger of freezing.
* * * LOW HITPOINT WARNING * * *
You feel drained. The wight freezes you.
* * * LOW HITPOINT WARNING * * *
You hit the wight.
The wight is almost destroyed.
The wight hits you with a +5 dagger of freezing!
* * * LOW HITPOINT WARNING * * *
The wight freezes you.
* * * LOW HITPOINT WARNING * * *
Okay, then.
You hit the wight but do no damage. Your headbutt misses the wight.
The wight is almost destroyed.
The wight hits you with a +5 dagger of freezing!
You die...

....##### #...##...##..#
........#### ##..#.....#[.#
...........## ##...)..#.....###
............#####....#.....#.....
............##.......##...##.....
...........###.###.#####.#####.##
...............#⌠[..⌠#.....#.....
..##.........>.#)....#..[..#.....
...########....z@.⌠....|.(.......
...# ##...#.....#..[..#.....
##..#⌠...⌠#.....#†....
###..z###.#####.#####.##
##...........#.....#.....
#.......###..#.8.8.#.####
#..[....### #.....8....#
..........# #..#.8.8.#.#
.#........# #..#..[..#.#


You could see a wight.

Vanquished Creatures
  A yak (D:5)
  An ogre (D:5)
  2 phantoms (D:5)
  2 wights (D:5)
  4 hounds (D:5)
  2 orc priests
  A jelly (D:5)
  Jessica (D:2)
  Terence (D:2)
  3 orc wizards
  3 iguanas
  Robin (D:2)
  3 adders
  A worm (D:5)
  3 dart slugs
  8 orcs
  7 ball pythons
  9 bats
  10 endoplasms
  3 giant cockroaches
  14 goblins
  9 hobgoblins
  3 quokkas
  A frilled lizard (D:3)
  6 kobolds
  4 rats
103 creatures vanquished.

Notes
Turn   | Place    | Note
-------+----------+-------------------------------------------
     0 | D:1      | Multipenetrator the Minotaur Gladiator began the quest for
                  | the Orb.
     0 | D:1      | Reached XP level 1. HP: 18/18 MP: 0/0
   211 | D:1      | Reached XP level 2. HP: 25/25 MP: 1/1
   827 | D:2      | Reached skill level 4 in Axes
   974 | D:2      | Noticed Robin
   986 | D:2      | Reached XP level 3. HP: 23/30 MP: 2/2
   990 | D:2      | Killed Robin
  1054 | D:2      | Reached skill level 1 in Armour
  1116 | D:2      | Noticed Jessica
  1123 | D:2      | Killed Jessica
  1124 | D:2      | Reached XP level 4. HP: 30/38 MP: 3/3
  1267 | D:2      | Noticed Terence
  1273 | D:2      | Killed Terence
  1274 | D:2      | Reached skill level 5 in Axes
  1992 | D:3      | Reached XP level 5. HP: 41/45 MP: 4/4
  2068 | D:3      | Found a snail-covered altar of Cheibriados.
  2070 | D:3      | Found a shadowy altar of Dithmenos.
  2071 | D:3      | Found a burning altar of Makhleb.
  2084 | D:3      | Became a worshipper of Cheibriados the Contemplative
  2104 | D:3      | Found a runed translucent door.
  2104 | D:3      | Noticed Barriton's ghost (amateur DrSh)
  2569 | D:4      | Reached skill level 1 in Stealth
  2831 | D:4      | Found a large runed translucent door.
  2831 | D:4      | Found a large runed translucent door.
  2832 | D:4      | Found a corrupted altar of Lugonu.
  3042 | D:4      | Reached * piety under Cheibriados
  3046 | D:4      | Reached skill level 6 in Axes
  3046 | D:4      | Reached XP level 6. HP: 9/51 MP: 5/5
  3218 | D:4      | Found a staircase to the Ecumenical Temple.
  3265 | D:4      | Found a one-way gate to the infinite horrors of the Abyss.
  3592 | D:5      | Entered Level 5 of the Dungeon
  3672 | D:5      | Reached skill level 1 in Invocations
  3713 | D:5      | Noticed a yak
  3724 | D:5      | Killed a yak
  3725 | D:5      | Reached XP level 7. HP: 25/59 MP: 7/7
  3957 | D:6      | Gained mutation: You are partially covered in large bone
                  | plates. (SH +4) [potion of mutation]
  3957 | D:6      | Gained mutation: You are weak. (Str -2) [potion of
                  | mutation]
  3957 | D:6      | Gained mutation: You sometimes lose your temper in combat.
                  | [potion of mutation]
  4155 | D:5      | Reached skill level 7 in Axes
  4155 | D:5      | Reached skill level 5 in Dodging
  4635 | D:5      | Reached ** piety under Cheibriados
  4636 | D:5      | Reached skill level 5 in Fighting
  4636 | D:5      | Reached skill level 8 in Axes
  4636 | D:5      | Reached XP level 8. HP: 23/65 MP: 8/8
  4638 | D:5      | Slain by a wight

Illustrated notes

Levels and vault maps discovered:
D:1:      minmay_arrival_split_and_join, layout_loops_ring
D:2:      layout_basic, minmay_tripent, uniq_terence, uniq_jessica, uniq_robin
D:3:      layout_basic, grunt_temple_overflow_open, gammafunk_ghost_grave,
          item_on_display_b
D:4:      due_chaos_kobolds, layout_loops_cross, lemuel_temple_firewalk_b
D:5:      layout_cave_pods, minmay_chambers_of_fives
D:6:      layout_loops_ring, nrook_mini_vaults

Skill      XL: |  1  2  3  4  5  6  7 |
---------------+----------------------+-----
Axes           | 4 5 6 8 |  8.0
Armour         | 1 2 3 |  3.8
Fighting       | 3 4 5 |  5.0
Dodging        | 4 5 |  5.4
Stealth        | 1 |  1.0
Invocations    | 2 |  2.3
Throwing       | |  2.0
Shields        | |  0.1

Action                     |  1- 3 |  4- 6 |  7- 9 || total
---------------------------+-------+-------+-------++-------
  Melee: War axe           |    58 |   121 |    52 ||   231
         Headbutt          |     9 |    18 |    10 ||    37
         Punch             |       |     1 |       ||     1
    Use: Potion            |       |     4 |     2 ||     6
   Stab: Sleeping          |       |     5 |       ||     5
 Armour: Leather armour    |    38 |    84 |    34 ||   156
  Dodge: Dodged            |    38 |    88 |    27 ||   153
  Block: Other             |       |       |     4 ||     4

Table legend: (Time is in decaauts)
 A = Elapsed time spent in this place.
 B = Non-inter-level travel time spent in this place.
 C = Inter-level travel time spent in this place.
 D = Time resting spent in this place.
 E = Time spent auto-exploring this place.
 F = Levels seen in this place.
 G = Mean time per level.
                   A        B        C        D        E       F      G
               +--------+--------+--------+--------+--------+-----+--------+
         Total |   5112 |   4953 |    159 |   1081 |   3023 |   6 |  852.0 |
       Dungeon |   5112 |   4953 |    159 |   1081 |   3023 |   6 |  852.0 |
               +--------+--------+--------+--------+--------+-----+--------+

Top non-repeatable levels by time:
     D:4: 1442 daAuts
     D:2: 1197 daAuts
     D:1: 791 daAuts
     D:5: 776 daAuts
     D:3: 510 daAuts
     D:6: 393 daAuts
